 Dungeon Crawl Stone Soup version 0.25-a0-366-g516bc45ae0 (webtiles) character file.

Game seed: 17679322552469290201, levelgen mode: deterministic

44 erzklaus the Firebug (level 3, 31/31 HPs)
             Began as a Naga Fire Elementalist on Jan 6, 2020.
             Quit the game on level 2 of the Dungeon.
             The game lasted 00:12:01 (2216 turns).

erzklaus the Firebug (Naga Fire Elementalist)       Turns: 2216, Time: 00:12:02

Health: 31/31      AC:  2    Str: 10    XL:     3   Next: 60%
Magic:  6/6        EV: 10    Int: 16    God:
Gold:   106        SH:  0    Dex: 11    Spells: 2/6 levels left

rFire    . . .     SeeInvis +   f - +0 dagger
rCold    . . .     Gourm    .   (no shield)
rNeg     . . .     Faith    .   a - +0 robe
rPois    +         Spirit   .   (helmet restricted)
rElec    .         Reflect  .   (no cloak)
rCorr    .         Harm     .   (no gloves)
MR       .....                  (no barding)
Stlth    ++........             (no amulet)
HPRegen  0.10/turn              (no ring)
MPRegen  0.10/turn              (no ring)

@: very slow
A: large, horns 1, see invisible, deformed body, poison resistance, slowness 2,
slow metabolism 1, spit poison 2, AC +1
a: Breathe Poison Gas


You were on level 2 of the Dungeon.
You were not hungry.

You visited 1 branch of the dungeon, and saw 2 of its levels.

You collected 106 gold pieces.

Inventory:

Hand Weapons
 f - a +0 dagger (weapon)
Missiles
 d - 41 sling bullets
 e - 34 stones (quivered)
 o - 5 boomerangs
Armour
 a - a +0 robe (worn)
Scrolls
 g - a scroll of magic mapping {unknown}
 j - 2 scrolls of teleportation {unknown}
 l - a scroll of identify {unknown}
 m - a scroll of fog {unknown}
Potions
 p - a potion of might {unknown}
Comestibles
 c - 7 rations


   Skills:
 + Level 1.0 Fighting
 - Level 1.5 Dodging
 - Level 3.0 Stealth
 + Level 2.3 Spellcasting
 * Level 2.1 Conjurations
 * Level 3.5 Fire Magic


You had 2 spell levels left.
You knew the following spells:

 Your Spells              Type           Power        Failure   Level  Hunger
a - Foxfire               Conj/Fire      ##..         6%          1    #......
b - Conjure Flame         Conj/Fire      ##......     19%         3    ###....

Your spell library contained the following spells:

 Spells                   Type           Power        Failure   Level  Hunger
 Inner Flame              Hex/Fire       #.......     28%         3    ###....
 Sticky Flame             Conj/Fire      ##......     54%         4    #####..
 Fireball                 Conj/Fire      ##........   87%         5    ######.


Dungeon Overview and Level Annotations

Branches:
Dungeon (2/15)

Altars:
Ashenzari
Hepliaklqana
Ru


Innate Abilities, Weirdness & Mutations

You cannot wear boots.
Your serpentine skin is tough. (AC +1)
You have supernaturally acute eyesight. (SInv)
Armour fits poorly on your strangely shaped body.
Your system is resistant to poisons. (rPois)
You cover ground very slowly.
You have a slow metabolism.
You can exhale a cloud of poison.
You have a pair of small horns on your head.


Message History

You feel sick.
You are no longer poisoned.
You start resting.
You feel yourself slow down.
You start resting.
All of the chunks of flesh in your inventory have rotted away.
HP restored.
There is an open door here.
You see here an adder corpse.
You butcher the adder corpse.
b - a chunk of flesh
There is an open door here.
You see here an adder skeleton.
You start waiting.
All of the chunks of flesh in your inventory have rotted away.
Done waiting.
Found a club.
You open the door.
A dart slug comes into view.
Are you sure you want to abandon this character and quit the game? (Confirm with "yes".)

...# ##### ...# #...#
#..# #####...### #..#
#.........#
#..###.........#########
.....รท..........).......
##.###.........#...####
.#.# #.........#...#
<#.#############@..#
.............w.'...+
.#+#############...#
......# #...# #.....#
#...# #.....# #...#
#.....# ##### #.....#
#.....#


You could see a dart slug (sleeping).

Vanquished Creatures
  An adder (D:2)
  A dart slug (D:2)
  A leopard gecko (D:2)
  A bat (D:2)
  2 giant cockroaches
  7 hobgoblins
  3 frilled lizards (D:1)
  8 goblins (D:1)
  2 kobolds
  4 rats (D:1)
30 creatures vanquished.

Vanquished Creatures (others)
  46 foxfires
46 creatures vanquished.

Grand Total: 76 creatures vanquished

Notes
Turn   | Place    | Note
-------+----------+-------------------------------------------
     0 | D:1      | erzklaus the Naga Fire Elementalist began the quest for the
                  | Orb.
     0 | D:1      | Reached XP level 1. HP: 15/15 MP: 3/3
   411 | D:1      | Reached XP level 2. HP: 24/24 MP: 0/5
   992 | D:1      | Found a shattered altar of Ashenzari.
  1508 | D:2      | Reached XP level 3. HP: 30/30 MP: 3/6
  1518 | D:2      | Learned a level 3 spell: Conjure Flame
  1654 | D:2      | Found a sacrificial altar of Ru.
  1713 | D:2      | Found a hazy altar of Hepliaklqana.
  1937 | D:2      | Reached skill level 1 in Fighting
  1938 | D:2      | Gained mutation: You can exhale a cloud of poison. [potion
                  | of mutation]
  1938 | D:2      | Gained mutation: You have a pair of small horns on your
                  | head. [potion of mutation]
  2216 | D:2      | Quit the game

Levels and vault maps discovered:
D:1:      minmay_arrival_four_loops, layout_basic, chequers_arboretum,
          chequers_serial_rivers_marsh, ashenzari_altar_1
D:2:      layout_basic, hangedman_ru_absence, nicolae_overflow_hidden_temple

Skill      XL: |  1  2  3 |
---------------+----------+-----
Conjurations   | 2 |  2.1
Fighting       | 1 |  1.0
Dodging        | |  1.5
Stealth        | |  3.0
Spellcasting   | |  2.3
Fire Magic     | |  3.5

Action                   || total
-------------------------++-------
Melee: Unarmed           ||     8
       Dagger            ||    34
Throw: Stone             ||     3
 Cast: Foxfire           ||    33
  Use: Potion            ||     4
  Eat: Chunk             ||     3
Armor: Robe              ||     5
Dodge: Dodged            ||    23

Table legend:
 A = Non-vault XP
 B = Vault XP
 C = Vault XP percentage of total XP
 D = Non-vault monster count
 E = Vault monster count
 F = Vault count percentage of total count
                 A         B        C        D         E       F
            +---------+---------+-------+---------+---------+-------
      Total |      63 |       0 |   0.0 |      30 |       0 |   0.0
            +---------+---------+-------+---------+---------+-------
        D:1 |      30 |       0 |   0.0 |      20 |       0 |   0.0
        D:2 |      33 |       0 |   0.0 |      10 |       0 |   0.0
            +---------+---------+-------+---------+---------+-------
